| TOP OF THE 1ST |
|
Mobile BayBears batting - Pitching for Mississippi Braves : LHP Fred Kelly
|
|
Pitching: LHP Fred Kelly
|
|
|
Batting: RHB Carlos Ballesteros
|
0-0: Ball 1-0: Swinging Strike 1-1: Called Strike 1-2: Ball 2-2: Strikes out looking
|
|
Batting: RHB Yasuo Nakata
|
0-0: Ball 1-0: Ground out 6-3 (Groundball, 6, EV 81.9 MPH)
|
|
Batting: RHB Josh Burrows
|
0-0: Ball 1-0: Ball 2-0: Swinging Strike 2-1: Foul Ball, location: 2F 2-2: Strikes out swinging
|
| Top of the 1st over - 0 runs, 0 hits, 0 errors, 0 left on base; Mobile 0 - Mississippi 0 |
| BOTTOM OF THE 1ST |
|
Mississippi Braves batting - Pitching for Mobile BayBears : RHP John Capparelli
|
|
Pitching: RHP John Capparelli
|
|
|
Batting: RHB Hieronim Rutkowski
|
0-0: Ball 1-0: Swinging Strike 1-1: Foul Ball, location: 2F 1-2: Fly out, F9 (Flyball, 89S, EV 82.5 MPH)
|
|
Batting: RHB Justin Reich
|
0-0: Hit by Pitch
|
|
Batting: RHB Erik Coleman
|
0-0: Ball 1-0: Fielders Choice at 2nd, 1-6 (Groundball, 13S, EV 68.8 MPH)
|
|
Batting: LHB Art D'Ascenzo
|
0-0: Ball 1-0: Ball 2-0: Called Strike 2-1: Ground out 4-3 (Groundball, 34S, EV 85.0 MPH)
|
| Bottom of the 1st over - 0 runs, 0 hits, 0 errors, 1 left on base; Mobile 0 - Mississippi 0 |
| TOP OF THE 2ND |
|
Mobile BayBears batting - Pitching for Mississippi Braves : LHP Fred Kelly
|
|
Batting: RHB Blake Beale
|
0-0: Called Strike 0-1: Foul Ball, location: 2F 0-2: Ball 1-2: SINGLE (Line Drive, 89S, EV 107.5 MPH)
|
|
Batting: LHB Koson Hirai
|
0-0: SINGLE (Line Drive, 78S, EV 113.8 MPH) Blake Beale to second
|
|
Batting: RHB Chris Bittner
|
0-0: Ball Passed Ball! Blake Beale to third Koson Hirai to second 1-0: Swinging Strike 1-1: Swinging Strike 1-2: Strikes out swinging
|
|
Batting: RHB Will Washburn
|
0-0: Ground out 6-3 (Groundball, 6, EV 83.8 MPH) Blake Beale scores Koson Hirai to third
|
|
Batting: RHB Jeremy Adams
|
0-0: Called Strike 0-1: Called Strike 0-2: Ground out 4-3 (Groundball, 34D, EV 101.9 MPH)
|
| Top of the 2nd over - 1 run, 2 hits, 0 errors, 1 left on base; Mobile 1 - Mississippi 0 |
| BOTTOM OF THE 2ND |
|
Mississippi Braves batting - Pitching for Mobile BayBears : RHP John Capparelli
|
|
Batting: RHB Yojiro Hayashi
|
0-0: Called Strike 0-1: Ball 1-1: Ball 2-1: Called Strike 2-2: SINGLE (Line Drive, 9LM, EV 103.8 MPH)
|
|
Batting: LHB Luis Cruz
|
0-0: Called Strike 0-1: Foul Ball, location: 2F 0-2: Ball 1-2: Ball 2-2: Strikes out looking Yojiro Hayashi steals 2nd base Batter strikes out.
|
|
Batting: RHB Jordan Martin
|
0-0: Ball 1-0: Called Strike 1-1: Ball 2-1: Ball 3-1: Base on Balls
|
|
Batting: LHB Sal Fernandez
|
0-0: Ball 1-0: Called Strike 1-1: Fielders Choice at 2nd, 1-6 (Groundball, P, EV 68.1 MPH) Yojiro Hayashi to third
|
|
Batting: RHB Ingidayehu Lagat
|
0-0: Called Strike 0-1: Ball 1-1: Ball 2-1: Foul Ball, location: 2F 2-2: Foul Ball, location: 2F 2-2: Strikes out swinging
|
| Bottom of the 2nd over - 0 runs, 1 hit, 0 errors, 2 left on base; Mobile 1 - Mississippi 0 |
| TOP OF THE 3RD |
|
Mobile BayBears batting - Pitching for Mississippi Braves : LHP Fred Kelly
|
|
Batting: SHB Ed Vargas
|
0-0: Ball 1-0: Fly out, F8 (Flyball, 8RM, EV 84.4 MPH)
|
|
Batting: RHB Carlos Ballesteros
|
0-0: Called Strike 0-1: Ball 1-1: Ball 2-1: Foul Ball, location: 2F 2-2: DOUBLE (Flyball, 8LXD, EV 96.2 MPH) - OUT at third base trying to stretch hit.
|
|
Batting: RHB Yasuo Nakata
|
0-0: Swinging Strike 0-1: Ball 1-1: Ball 2-1: Ball 3-1: Foul Ball, location: 2F 3-2: Strikes out swinging
|
| Top of the 3rd over - 0 runs, 1 hit, 0 errors, 0 left on base; Mobile 1 - Mississippi 0 |
| BOTTOM OF THE 3RD |
|
Mississippi Braves batting - Pitching for Mobile BayBears : RHP John Capparelli
|
|
Batting: RHB Hieronim Rutkowski
|
0-0: Ball 1-0: Called Strike 1-1: Foul Ball, location: 2F 1-2: Strikes out looking
|
|
Batting: RHB Justin Reich
|
0-0: Ball 1-0: Ball 2-0: Ball 3-0: Called Strike 3-1: Swinging Strike 3-2: Foul Ball, location: 2F 3-2: Base on Balls
|
|
Batting: RHB Erik Coleman
|
0-0: Ball 1-0: Ball Justin Reich is caught stealing 2nd base 2-4 2-0: Called Strike 2-1: Foul Ball, location: 2F 2-2: Foul Ball, location: 2F 2-2: Ball 3-2: Foul Ball, location: 2F 3-2: Foul Ball, location: 2F 3-2: Ground out 5-3 (Groundball, 5S, EV 77.5 MPH)
|
| Bottom of the 3rd over - 0 runs, 0 hits, 0 errors, 0 left on base; Mobile 1 - Mississippi 0 |
| TOP OF THE 4TH |
|
Mobile BayBears batting - Pitching for Mississippi Braves : LHP Fred Kelly
|
|
Batting: RHB Josh Burrows
|
0-0: Hit by Pitch
|
|
Batting: RHB Blake Beale
|
0-0: Called Strike 0-1: Swinging Strike 0-2: Strikes out swinging
|
|
Batting: LHB Koson Hirai
|
0-0: Ball 1-0: Grounds into double play, 4-6-3 (Groundball, 4, EV 97.5 MPH)
|
| Top of the 4th over - 0 runs, 0 hits, 0 errors, 0 left on base; Mobile 1 - Mississippi 0 |
| BOTTOM OF THE 4TH |
|
Mississippi Braves batting - Pitching for Mobile BayBears : RHP John Capparelli
|
|
Batting: LHB Art D'Ascenzo
|
0-0: Ball 1-0: Ball 2-0: Called Strike 2-1: Ball 3-1: Swinging Strike 3-2: SINGLE (Groundball, 3D, EV 106.2 MPH)
|
|
Batting: RHB Yojiro Hayashi
|
0-0: Grounds into double play, 5-4-3 (Groundball, 5L, EV 97.5 MPH)
|
|
Batting: LHB Luis Cruz
|
0-0: SINGLE (Groundball, 3D, EV 98.1 MPH)
|
|
Batting: RHB Jordan Martin
|
0-0: Called Strike Luis Cruz steals 2nd base 0-1: Ball 1-1: Ball 2-1: Ball 3-1: DOUBLE (Line Drive, 5D, EV 104.4 MPH) Luis Cruz scores
|
|
Batting: LHB Sal Fernandez
|
0-0: Ball 1-0: Called Strike 1-1: Ground out 6-3 (Groundball, 6, EV 104.4 MPH)
|
| Bottom of the 4th over - 1 run, 3 hits, 0 errors, 1 left on base; Mobile 1 - Mississippi 1 |
| TOP OF THE 5TH |
|
Mobile BayBears batting - Pitching for Mississippi Braves : LHP Fred Kelly
|
|
Batting: RHB Chris Bittner
|
0-0: Ball 1-0: Called Strike 1-1: Ground out U3 (Groundball, 13, EV 94.4 MPH)
|
|
Batting: RHB Will Washburn
|
0-0: Ball 1-0: Called Strike 1-1: Fly out, F8 (Flyball, 8RS, EV 83.8 MPH)
|
|
Batting: RHB Jeremy Adams
|
0-0: Ball 1-0: Ball 2-0: Called Strike 2-1: Ball 3-1: Fly out, F9 (Flyball, 9S, EV 90.0 MPH)
|
| Top of the 5th over - 0 runs, 0 hits, 0 errors, 0 left on base; Mobile 1 - Mississippi 1 |
| BOTTOM OF THE 5TH |
|
Mississippi Braves batting - Pitching for Mobile BayBears : RHP John Capparelli
|
|
Batting: RHB Ingidayehu Lagat
|
0-0: Ball 1-0: Swinging Strike 1-1: Called Strike 1-2: Strikes out swinging
|
|
Batting: RHB Hieronim Rutkowski
|
0-0: Ball 1-0: Called Strike 1-1: Ball 2-1: Fly out, F7 (Flyball, 78M, EV 83.8 MPH)
|
|
Batting: RHB Justin Reich
|
0-0: Ball 1-0: Foul Ball, location: 2F 1-1: Ball 2-1: Swinging Strike 2-2: Foul Ball, location: 2F 2-2: Ground out 4-3 (Groundball, 4M, EV 90.6 MPH)
|
| Bottom of the 5th over - 0 runs, 0 hits, 0 errors, 0 left on base; Mobile 1 - Mississippi 1 |
| TOP OF THE 6TH |
|
Mobile BayBears batting - Pitching for Mississippi Braves : LHP Fred Kelly
|
|
Batting: SHB Ed Vargas
|
0-0: Ball 1-0: Ground out 5-3 (Groundball, 56, EV 87.5 MPH)
|
|
Batting: RHB Carlos Ballesteros
|
0-0: Called Strike 0-1: Ball 1-1: Fly out, F6 (Popup, 6, EV 57.5 MPH)
|
|
Batting: RHB Yasuo Nakata
|
0-0: Called Strike 0-1: Fly out, F8 (Line Drive, 8RM, EV 105.6 MPH)
|
| Top of the 6th over - 0 runs, 0 hits, 0 errors, 0 left on base; Mobile 1 - Mississippi 1 |
| BOTTOM OF THE 6TH |
|
Mississippi Braves batting - Pitching for Mobile BayBears : RHP John Capparelli
|
|
Batting: RHB Erik Coleman
|
0-0: Ball 1-0: Ball 2-0: Ball 3-0: Called Strike 3-1: Ground out 5-3 (Groundball, 56, EV 98.1 MPH)
|
|
Batting: LHB Art D'Ascenzo
|
0-0: Ball 1-0: Ball 2-0: Fly out, F9 (Line Drive, 89M, EV 96.2 MPH)
|
|
Batting: RHB Yojiro Hayashi
|
0-0: Called Strike 0-1: Ball 1-1: Foul Ball, location: 2F 1-2: Fly out, F8 (Flyball, 8LD, EV 94.4 MPH)
|
| Bottom of the 6th over - 0 runs, 0 hits, 0 errors, 0 left on base; Mobile 1 - Mississippi 1 |
| TOP OF THE 7TH |
|
Mobile BayBears batting - Pitching for Mississippi Braves : LHP Fred Kelly
|
|
Batting: RHB Josh Burrows
|
0-0: Ball 1-0: DOUBLE (Line Drive, 8LD, EV 107.5 MPH)
|
|
Batting: RHB Blake Beale
|
0-0: Intentional Walk
|
|
Batting: LHB Koson Hirai
|
0-0: Swinging Strike 0-1: Called Strike 0-2: Strikes out looking
|
|
Batting: RHB Chris Bittner
|
0-0: Called Strike 0-1: Ball 1-1: Fly out, F8 (Flyball, 8LD, EV 82.5 MPH)
|
|
Batting: RHB Will Washburn
|
0-0: Ball Wild Pitch! Josh Burrows to third Blake Beale to second 1-0: Intentional Walk
|
|
Batting: RHB Jeremy Adams
|
0-0: Foul Ball, location: 2F 0-1: Called Strike 0-2: Ball 1-2: Strikes out looking
|
| Top of the 7th over - 0 runs, 1 hit, 0 errors, 3 left on base; Mobile 1 - Mississippi 1 |
| BOTTOM OF THE 7TH |
|
Mississippi Braves batting - Pitching for Mobile BayBears : RHP John Capparelli
|
|
Pitching: LHP Ricky Ramirez
|
|
|
Pinch Hitting: RHB Tim Molchan
|
0-0: Ball 1-0: Ground out 5-3 (Groundball, 56S, EV 83.8 MPH)
|
|
Pitching: LHP Heath Henderson
|
|
|
Batting: RHB Jordan Martin
|
0-0: Ground out 5-3 (Groundball, 56, EV 85.0 MPH)
|
|
Batting: LHB Sal Fernandez
|
0-0: Called Strike 0-1: Fly out, F7 (Line Drive, 78M, EV 99.4 MPH)
|
| Bottom of the 7th over - 0 runs, 0 hits, 0 errors, 0 left on base; Mobile 1 - Mississippi 1 |
| TOP OF THE 8TH |
|
Mobile BayBears batting - Pitching for Mississippi Braves : LHP Fred Kelly
|
|
Now in CF: Jose Melendez
|
|
|
Now in RF: Erik Coleman
|
|
|
Batting: SHB Ed Vargas
|
0-0: Ball 1-0: Ball 2-0: Ground out 6-3 (Groundball, 6S, EV 90.6 MPH)
|
|
Batting: RHB Carlos Ballesteros
|
0-0: Foul Ball, location: 2F 0-1: Ball 1-1: Called Strike 1-2: Foul Ball, location: 2F 1-2: Ball 2-2: Ball 3-2: Base on Balls
|
|
Batting: RHB Yasuo Nakata
|
0-0: Foul Ball, location: 2F 0-1: Ball 1-1: Ball 2-1: Ball 3-1: Base on Balls Carlos Ballesteros to second
|
|
Batting: RHB Josh Burrows
|
0-0: Ball 1-0: SINGLE (Flyball, 3D, EV 92.5 MPH) Carlos Ballesteros to third Yasuo Nakata to second
|
|
Batting: RHB Blake Beale
|
0-0: Ball 1-0: Swinging Strike 1-1: Ball 2-1: Foul Ball, location: 2F 2-2: SINGLE (Groundball, 6MD, EV 103.8 MPH) Carlos Ballesteros scores Yasuo Nakata to third Josh Burrows to second
|
|
Pitching: RHP Omar Orosco
|
|
|
Batting: LHB Koson Hirai
|
0-0: Ball 1-0: Swinging Strike 1-1: Grounds into fielders choice 6-2 (Groundball, P, EV 84.4 MPH) Josh Burrows to third Blake Beale to second
|
|
Batting: LHB Soo-yeon Kym
|
0-0: Called Strike 0-1: Ball 1-1: Foul Ball, location: 2F 1-2: Ball 2-2: Ball 3-2: Foul Ball, location: 2F 3-2: Strikes out looking
|
| Top of the 8th over - 1 run, 2 hits, 0 errors, 3 left on base; Mobile 2 - Mississippi 1 |
| BOTTOM OF THE 8TH |
|
Mississippi Braves batting - Pitching for Mobile BayBears : LHP Heath Henderson
|
|
Pinch Hitting: RHB Jose Ramos
|
0-0: Ball 1-0: Called Strike 1-1: Ground out 6-3 (Groundball, 56, EV 83.1 MPH)
|
|
Batting: RHB Hieronim Rutkowski
|
0-0: Foul Ball, location: 2F 0-1: SINGLE (Line Drive, 5L, EV 66.2 MPH) (infield hit)
|
|
Batting: RHB Justin Reich
|
0-0: Ball Hieronim Rutkowski steals 2nd base (no throw) 1-0: Foul Ball, location: 2F 1-1: Called Strike 1-2: Foul Ball, location: 2F 1-2: Strikes out swinging
|
|
Batting: RHB Erik Coleman
|
0-0: Ball 1-0: Ball 2-0: Swinging Strike 2-1: Foul Ball, location: 2F 2-2: Ground out 3-1 (Groundball, 34S, EV 83.8 MPH)
|
| Bottom of the 8th over - 0 runs, 1 hit, 0 errors, 1 left on base; Mobile 2 - Mississippi 1 |
| TOP OF THE 9TH |
|
Mobile BayBears batting - Pitching for Mississippi Braves : RHP Omar Orosco
|
|
Now at 3B: Jose Ramos
|
|
|
Now at SS: Hieronim Rutkowski
|
|
|
Pinch Hitting: LHB T.J. Duvall
|
0-0: Ball 1-0: Fly out, F7 (Flyball, 7D, EV 86.9 MPH)
|
|
Batting: RHB Jeremy Adams
|
0-0: Foul Ball, location: 2F 0-1: Ball 1-1: Ball 2-1: SOLO HOME RUN (Flyball, 7D, EV 99.4 MPH), Distance : 391 ft
|
|
Batting: SHB Ed Vargas
|
0-0: Called Strike 0-1: Swinging Strike 0-2: Foul Ball, location: 2F 0-2: Ball 1-2: Strikes out swinging
|
|
Batting: RHB Carlos Ballesteros
|
0-0: Ball 1-0: SINGLE (Line Drive, 8RS, EV 100.6 MPH)
|
|
Batting: RHB Yasuo Nakata
|
0-0: Fielders Choice at 2nd, U6 (Groundball, 6M, EV 79.4 MPH)
|
| Top of the 9th over - 1 run, 2 hits, 0 errors, 1 left on base; Mobile 3 - Mississippi 1 |
| BOTTOM OF THE 9TH |
|
Mississippi Braves batting - Pitching for Mobile BayBears : LHP Heath Henderson
|
|
Pitching: RHP Edwin Martinez
|
|
|
Now at 1B: T.J. Duvall
|
|
|
Now in RF: Paul Schreiber
|
|
|
Batting: LHB Art D'Ascenzo
|
0-0: Ball 1-0: Foul Ball, location: 2F 1-1: Swinging Strike 1-2: Strikes out swinging
|
|
Batting: RHB Yojiro Hayashi
|
0-0: Called Strike 0-1: Foul Ball, location: 2F 0-2: Strikes out swinging
|
|
Batting: SHB Jose Melendez
|
0-0: Called Strike 0-1: Ball 1-1: Ball 2-1: Foul Ball, location: 2F 2-2: Strikes out swinging
|
| Bottom of the 9th over - 0 runs, 0 hits, 0 errors, 0 left on base; Mobile 3 - Mississippi 1 |
|